 Dungeon Crawl Stone Soup version 0.20.1-1-g8b1a95d (webtiles) character file.

29 Jazqa the Sneak (level 3, -1/16 HPs)
             Began as a Vine Stalker Enchanter on Oct 31, 2017.
             Slain by an adder (2 damage)
             ... on level 2 of the Dungeon.
             The game lasted 00:01:29 (718 turns).

Jazqa the Sneak (Vine Stalker Enchanter)             Turns: 718, Time: 00:01:30

Health: -1/16      AC:  2    Str: 10    XL:     3   Next: 16%
Magic:  0/7        EV: 12    Int: 15    God:
Gold:   45         SH:  0    Dex: 15    Spells: 4/7 levels left

rFire    . . .     SeeInvis .   a - +1 dagger
rCold    . . .     Gourm    .   (no shield)
rNeg     . . .     Faith    .   b - +0 robe
rPois    .         Spirit   +   (no helmet)
rElec    .         Reflect  .   (no cloak)
rCorr    .         Harm     .   (no gloves)
MR       .....                  (no boots)
Stlth    +++.......             (no amulet)
Regen    0.1/turn               (no ring)
MPRegen  0.1/turn               (no ring)

@: no status effects
A: fangs 2, magic shield, antimagic bite, no potion heal 3, rot immunity
a: no special abilities


You were on level 2 of the Dungeon.
You were not hungry.

You visited 1 branch of the dungeon, and saw 2 of its levels.

You collected 45 gold pieces.


Innate Abilities, Weirdness & Mutations

You have extremely sharp teeth.
When hurt, damage is shared between your health and your magic reserves.
Your bite disrupts and absorbs the magic of your enemies.
Potions cannot restore your health.
You are immune to rotting.


   Skills:
 + Level 1.6 Short Blades
 - Level 1.5 Dodging
 + Level 3.8 Stealth
 + Level 2.5 Spellcasting
 + Level 3.4 Hexes


You had 4 spell levels left.
You knew the following spells:

 Your Spells              Type           Power        Failure   Level  Hunger
x - Ensorcelled Hibernat  Hex/Ice        #.....       16%         2    ###....
z - Corona                Hex            ##.....      4%          1    #......

Inventory:

Hand Weapons
 a - a +1 dagger (weapon)
Armour
 b - a +0 robe (worn)
Scrolls
 f - 2 scrolls of magic mapping {unknown}
 j - a scroll of random uselessness {unknown}
 l - a scroll of immolation {unknown}
 n - 2 scrolls of identify {unknown}
Books
 c - a book of Maledictions

   Spells                             Type                      Level
   a - Corona                         Hexes                        1
   b - Ensorcelled Hibernation        Hexes/Ice                    2
   c - Confuse                        Hexes                        3
   d - Tukima's Dance                 Hexes                        3
   e - Dazzling Spray                 Conjuration/Hexes            3
Comestibles
 d - 3 bread rations {@e1}
 h - 3 chunks of flesh

Dungeon Overview and Level Annotations

Branches:
Dungeon (2/15)

Altars:
Yredelemnul

.% ...
######$##
.......>#
#........
#..!.....
#........
#@.......
..#####S.......
...=.......#...
.##............
#.###.##.##.. #
#.# .# . #.# #
#.# #
.######.##.#


You could see an adder.


Message History

* * * LOW HITPOINT WARNING * * *
You are lethally poisoned!
The adder poisons you!
It was a potion of haste.
You feel yourself speed up.
* * * LOW HITPOINT WARNING * * *
You feel sick. The adder barely misses you.
It was a potion of agility.
You feel agile all of a sudden. The adder closely misses you.
It was a potion of cancellation.
Your magical effects are unravelling.
You feel magically purged.
You feel yourself slow down.
You feel a little less agile now. The adder misses you.
It was a potion of curing.
Your system rejects the healing.
You feel better. The adder bites you.
You hit the adder but do no damage. You bite the adder, but do no damage.
The adder is moderately wounded.
The adder bites you.
* * * LOW HITPOINT WARNING * * *
Unknown command.
Casting: Ensorcelled Hibernation
Confirm with . or Enter, or press ? or * to list all spells.
You don't have enough magic to cast that spell.
Found a bread ration.
Unknown command.
It was a potion of heal wounds.
That seemed strangely inert.
The adder bites you.
You die...

Skill      XL: |  1 |
---------------+----+-----
Short Blades   | 1 |  1.6
Dodging        | |  1.5
Stealth        | |  3.8
Spellcasting   | |  2.5
Hexes          | |  3.4

Action                   || total
-------------------------++-------
Melee: Dagger            ||    71
       Bite              ||    14
 Cast: Ensorcelled Hiber ||     6
  Use: Potion            ||     5
 Stab: Sleeping          ||     3
Armor: Robe              ||    12
Dodge: Dodged            ||    60

Vault maps used:
D:1:      saegor_arrival_fortress, wad_woods_river_04, nrook_mini_vaults,
          minmay_tromino_i2
D:2:      marbit_many_paths, yredelemnul_altar_generic, first_bread,
          hangedman_decor_points

Notes
Turn   | Place    | Note
-------+----------+-------------------------------------------
     0 | D:1      | Jazqa the Vine Stalker Enchanter began the quest for the Orb.
     0 | D:1      | Reached XP level 1. HP: 9/9 MP: 4/4
    17 | D:1      | Reached skill level 1 in Short Blades
    86 | D:1      | Reached XP level 2. HP: 8/13 MP: 4/6
   141 | D:1      | Learned a level 2 spell: Ensorcelled Hibernation
   574 | D:2      | Found a basalt altar of Yredelemnul.
   681 | D:2      | Reached XP level 3. HP: 14/16 MP: 3/7
   716 | D:2      | HP: 1/16 [adder (2)]
   718 | D:2      | Slain by an adder

Vanquished Creatures
  An adder (D:2)
  A leopard gecko (D:1)
  A bat zombie (D:1)
  2 giant cockroaches (D:1)
  A goblin (D:1)
  A hobgoblin (D:2)
  4 kobolds
  A quokka (D:2)
  A ball python zombie (D:1)
  A bat (D:1)
  6 rats
20 creatures vanquished.
